 Dungeon Crawl Stone Soup version 0.20-a0-924-gfa95efa (webtiles) character file.

13625 Wendigo the Carver (level 11, 97/97 HPs)
             Began as a White Draconian Berserker on Mar 26, 2017.
             Was an Elder of Trog.
             Quit the game on level 2 of the Lair of Beasts on Mar 27, 2017.
             The game lasted 00:39:11 (14199 turns).

Wendigo the Carver (White Draconian Berserker)     Turns: 14199, Time: 00:39:12

Health: 97/97      AC: 10    Str: 19    XL:     11   Next: 78%
Magic:  11/11      EV: 18    Int:  8    God:    Trog [****..]
Gold:   605        SH:  0    Dex: 17    Spells: 10/10 levels left

rFire    . . .     SeeInvis .   J - +5 scimitar (flame)
rCold    + . .     Gourm    .   (no shield)
rNeg     . . .     Faith    .   (armour unavailable)
rPois    .         Spirit   .   (helmet restricted)
rElec    .         Reflect  .   (no cloak)
rCorr    .         Harm     .   (no gloves)
MR       .....                  (no boots)
Stlth    ++........             (no amulet)
Regen    0.3/turn               c - +3 ring of protection
MPRegen  0.2/turn               m - +3 ring of dexterity

@: exhausted
A: breathe frost, unfitting armour, cold resistance 1, cold-blooded, AC +7
a: Breathe Frost, Berserk, Trog's Hand, Brothers in Arms, Burn Spellbooks,
Renounce Religion


You were on level 2 of the Lair of Beasts.
You worshipped Trog.
Trog was greatly pleased with you.
You were not hungry.

You visited 2 branches of the dungeon, and saw 12 of its levels.

You collected 735 gold pieces.
You spent 130 gold pieces at shops.

Inventory:

Hand Weapons
 J - a +5 scimitar of flaming (weapon)
 L - a +2 triple sword of draining
Armour
 j - a +0 shield
Jewellery
 c - a +3 ring of protection (left hand)
 m - a +3 ring of dexterity (right hand)
 Q - an uncursed ring of ice
Wands
 d - a wand of flame (35/48)
 k - a wand of flame (20/48)
 l - a wand of polymorph (24/24)
 t - a wand of random effects (11/48)
 y - a wand of lightning (11/15)
 B - a wand of lightning (4/15)
 H - a wand of random effects (37/48)
 I - a wand of disintegration (14/24)
 K - a wand of disintegration (12/24)
 M - a wand of lightning (9/15)
 N - a wand of paralysis (16/24)
 T - a wand of confusion (40/48)
Scrolls
 e - 7 scrolls of teleportation
 n - 4 scrolls of immolation
 r - 3 scrolls of remove curse
 s - 2 scrolls of blinking
 u - a scroll of amnesia
 v - a scroll of enchant armour {unknown}
 G - 2 scrolls of identify
 P - a scroll of magic mapping
Potions
 a - 3 potions of magic {unknown}
 b - a potion of lignification {unknown}
 i - 3 potions of haste
 o - 2 potions of brilliance
 p - 3 potions of agility
 x - 3 potions of flight
 z - 2 potions of berserk rage
 A - a potion of resistance {unknown}
 C - 2 potions of invisibility
 D - a potion of cancellation
 E - a potion of might
 F - a potion of mutation {unknown}
 R - a potion of ambrosia {unknown}
Books
 O - a book of Unlife (quivered)

   Spells                             Type                      Level
   a - Recall                         Summoning/Translocation      3
   b - Animate Dead                   Necromancy                   4
   c - Control Undead                 Necromancy                   4
   d - Cigotuvi's Embrace             Necromancy                   5
   e - Death Channel                  Necromancy                   6
   f - Simulacrum                     Ice/Necromancy               6
   Trog disapproves of the use of such an item.
Comestibles
 f - 5 royal jellies
 g - 9 meat rations
 h - 12 bread rations
 q - 5 fruits


   Skills:
 - Level 9.1 Fighting
 + Level 14.8 Long Blades
 - Level 8.1 Dodging
 - Level 2.3 Stealth


You had 10 spell levels left.
You didn't know any spells.

Dungeon Overview and Level Annotations

Branches:
Dungeon (10/15)            Temple (0/1) D:7            Lair (2/6) D:10
 Shoals (0/4) Lair:2
  Snake: Lair:2-4    Spider: Lair:2-4       Orc: D:9-12

Altars:
Ashenzari
Cheibriados
Dithmenos
Elyvilon
Gozag
Hepliaklqana
Makhleb
Sif Muna
Trog
Vehumet
Wu Jian
Xom
Yredelemnul
Zin

Shops:
D:4 %   D:10 !

Annotations:
D:2 exclusion: downstairs
D:3 exclusion: downstairs
D:9 Joseph


Innate Abilities, Weirdness & Mutations

You can breathe waves of freezing cold.
You can buffet flying creatures when you breathe cold.
Your icy white scales are hard. (AC +7)
You cannot fit into any form of body armour.
Your flesh is cold resistant. (rC+)
You are cold-blooded and may be slowed by cold attacks.


Message History

Your Dodging skill increases to level 8!
Calm down first, please.
You start resting.
Eating a chunk of flesh.
You eat the chunk of flesh.
This raw flesh tastes terrible.
You feel a strong urge to attack something.
You start resting.
You feel your anger subside.
You start resting.
You are no longer berserk.
You are exhausted.
You feel yourself slow down.
You feel yourself speed up.
HP restored. 2 yaks come into view.
Found a stone staircase leading down.
Saving game... please wait.
Welcome back, Wendigo the White Draconian Berserker.
Trog says: Kill them all!
Press ? for a list of commands and other information.
Are you sure you want to abandon this character and quit the game? (Confirm with "yes".)

...)........................#
.........##.................#
.........##.................#
...)......#.................#
.........#...................
....#....##.................#
.....##..##.................#
##....#...........#
#@.......##.≈....#
#........P≈≈≈≈#...
..........P .>......!...P
Y.............#
Y...........#..
##...#...##.#.. ......... .#


You could see 2 yaks.

Vanquished Creatures
  Fannar (Lair:2)
  3 hydras (Lair:2)
  Erica (D:8)
  A black mamba (Lair:2)
  A spiny frog (Lair:2)
  A komodo dragon (Lair:2)
  3 trolls (D:9)
  A snapping turtle (Lair:2)
  A hippogriff (Lair:1)
  13 yaks
  A wyvern (Lair:2)
  A hungry ghost (D:7)
  A steam dragon (D:8)
  Grum (Lair:1)
  5 water moccasins
  5 porcupines
  An orc warrior (D:10)
  An ice beast (D:7)
  2 sky beasts
  6 ogres
  2 black bears (D:9)
  2 phantoms
  2 necrophages (D:10)
  4 wolves (Lair:1)
  A centaur (D:6)
  Blork the orc (D:5)
  8 bullfrogs
  A wyvern skeleton (D:6)
  5 scorpions
  10 killer bees
  4 howler monkeys (D:8)
  5 wights (D:10)
  2 bullfrog zombies
  4 crimson imps
  2 centaur zombies
  4 jellies
  3 orc priests
  2 bullfrog skeletons
  4 hounds
  9 orc wizards
  3 centaur skeletons
  3 iguanas
  Jessica (D:6)
  10 worker ants
  A hound skeleton (D:7)
  3 worker ant zombies
  Robin (D:2)
  11 gnolls
  6 adders
  2 shadow imps (D:5)
  3 oozes
  2 adder zombies
  3 worms
  5 leopard geckos
  26 orcs
  7 giant cockroaches
  16 goblins
  7 hobgoblins
  18 jackals
  5 quokkas
  5 bats
  3 frilled lizards
  4 kobolds
  A leopard gecko zombie (D:5)
  A quokka zombie (D:6)
  6 rats
  A spectral orc (D:3)
  A butterfly (D:7)
280 creatures vanquished.

Vanquished Creatures (others)
  A leopard gecko (D:7)
  4 fungi
  5 plants
10 creatures vanquished.

Grand Total: 290 creatures vanquished

Notes
Turn   | Place    | Note
-------+----------+-------------------------------------------
     0 | D:1      | Wendigo the Draconian Berserker began the quest for the Orb.
     0 | D:1      | Reached XP level 1. HP: 19/19 MP: 1/1
   377 | D:1      | Reached XP level 2. HP: 21/26 MP: 2/2
  1180 | D:2      | Reached XP level 3. HP: 31/31 MP: 3/3
  1191 | D:2      | Reached skill level 4 in Long Blades
  1333 | D:2      | Reached XP level 4. HP: 40/40 MP: 4/4
  1414 | D:2      | Noticed Robin
  1433 | D:2      | Killed Robin
  1439 | D:2      | Reached ** piety under Trog
  1786 | D:3      | Noticed an ogre
  1849 | D:3      | Found a shadowy altar of Dithmenos.
  1922 | D:3      | Reached XP level 5. HP: 46/46 MP: 5/5
  2035 | D:3      | Killed an ogre
  2035 | D:3      | Reached skill level 5 in Long Blades
  2282 | D:3      | Found a faded altar of an unknown god.
  2391 | D:3      | Found a basalt altar of Yredelemnul.
  2507 | D:3      | Found a glowing silver altar of Zin.
  2788 | D:3      | Reached XP level 6. HP: 30/52 MP: 6/6
  3165 | D:4      | Reached *** piety under Trog
  3165 | D:4      | Reached skill level 6 in Long Blades
  3363 | D:4      | Found a shattered altar of Ashenzari.
  3508 | D:4      | Found a burning altar of Makhleb.
  3522 | D:4      | Found Ketu's Food Shop.
  3613 | D:4      | Reached skill level 7 in Long Blades
  3854 | D:4      | Found a hazy altar of Hepliaklqana.
  3874 | D:4      | Your scales start taking on an icy white colour.
  3874 | D:4      | Reached XP level 7. HP: 47/59 MP: 7/7
  3874 | D:4      | Gained mutation: Your flesh is cold resistant. (rC+) [White Draconian growth]
  4263 | D:4      | Reached skill level 8 in Long Blades
  4917 | D:5      | Entered Level 5 of the Dungeon
  5181 | D:5      | Reached skill level 9 in Long Blades
  5306 | D:5      | Noticed Blork the orc
  5315 | D:5      | Killed Blork the orc
  5315 | D:5      | Reached XP level 8. HP: 66/66 MP: 8/8
  5392 | D:5      | Reached **** piety under Trog
  5834 | D:6      | Found a white marble altar of Elyvilon.
  5858 | D:6      | Reached skill level 10 in Long Blades
  6027 | D:6      | Found an opulent altar of Gozag.
  6460 | D:6      | Noticed Jessica
  6470 | D:6      | Found a deep blue altar of Sif Muna.
  6475 | D:6      | Killed Jessica
  6714 | D:6      | Reached skill level 11 in Long Blades
  7218 | D:7      | Reached XP level 9. HP: 70/71 MP: 9/9
  7372 | D:7      | Found a snail-covered altar of Cheibriados.
  7380 | D:7      | Found an ornate altar of the Wu Jian Council.
  7581 | D:7      | Reached skill level 12 in Long Blades
  7645 | D:7      | Found a shimmering altar of Xom.
  7717 | D:7      | Found a staircase to the Ecumenical Temple.
  8331 | D:8      | Noticed Erica
  8361 | D:8      | Killed Erica
  8361 | D:8      | Reached skill level 13 in Long Blades
  9037 | D:8      | Reached XP level 10. HP: 78/78 MP: 10/10
  9281 | D:9      | Found a bloodstained altar of Trog.
  9429 | D:9      | Reached skill level 14 in Long Blades
  9796 | D:9      | Reached skill level 5 in Fighting
  9943 | D:9      | Noticed Joseph
  9998 | D:9      | Found a radiant altar of Vehumet.
 10143 | D:9      | Reached ***** piety under Trog
 10143 | D:9      | Reached skill level 5 in Dodging
 10562 | D:10     | Entered Level 10 of the Dungeon
 10574 | D:10     | Reached skill level 1 in Stealth
 10749 | D:10     | Found Izum's Distillery.
 10754 | D:10     | Bought a potion of might for 52 gold pieces
 10754 | D:10     | Bought 2 potions of degeneration for 26 gold pieces
 10754 | D:10     | Bought a potion of agility for 52 gold pieces
 11480 | D:10     | Received a gift from Trog
 11692 | D:10     | Found a staircase to the Lair.
 11816 | Lair:1   | Entered Level 1 of the Lair of Beasts
 12036 | Lair:1   | Noticed Grum
 12049 | Lair:1   | Reached XP level 11. HP: 60/91 MP: 11/11
 12054 | Lair:1   | Killed Grum
 13123 | Lair:2   | Noticed Fannar
 13141 | Lair:2   | Killed Fannar
 13169 | Lair:2   | Noticed a five-headed hydra
 13173 | Lair:1   | Upgraded the game from 0.20-a0-923-g548304e to 0.20-a0-924-gfa95efa
 13243 | Lair:2   | Killed a two-headed hydra
 13556 | Lair:2   | Noticed a four-headed hydra
 13569 | Lair:2   | Killed a one-headed hydra
 13973 | Lair:2   | Found a staircase to the Shoals.
 14148 | Lair:2   | Noticed an eight-headed hydra
 14156 | Lair:2   | Killed a four-headed hydra
 14199 | Lair:2   | Quit the game

Vault maps used:
D:1:      lightli_arrival_farm, st_stairs_13
D:2:      first_bread, serial_bayou_lagoon_a, uniq_robin
D:3:      zin_statuary, yredelemnul_forgotten_temple_becter,
          lemuel_doored_altar, chequers_ecumenical_altar_simple,
          item_on_display_a
D:4:      lemuel_coloured_pillars_altar, bloody_makhleb, serial_shops, shop,
          cheibrodos_ashenzari_chains
D:5:      uniq_blork_the_orc
D:6:      elyvilon_altar_5, grunt_gozag_breadcrumbs, tgw_sif
D:7:      lemuel_ice_spiral_2, kennysheep_mini, nicolae_overflow_crystal_walls,
          xom_butterflies, lemuel_temple_firewalk_a
D:8:      grunt_ogre_cave, minmay_stone_trees_small, uniq_erica
D:9:      trog_ov_bears_minmay, kennysheep_mini_moat, uniq_joseph
D:10:     grunt_lair_entry_orc_guard_hut, serial_shops, shop, minivault_23
Lair:1:   grunt_megastairs_5, uniq_grum
Lair:2:   minmay_shoals_entry_hut, uniq_fannar

Skill      XL: |  1  2  3  4  5  6  7  8  9 10 11 |
---------------+----------------------------------+-----
Dodging        | 3 6 8 |  8.1
Long Blades    | 4 5 7 9 11 13 14 | 14.8
Fighting       | 4 6 9 |  9.1
Stealth        | 2 |  2.3

Action                   |  1- 3 |  4- 6 |  7- 9 | 10-12 || total
-------------------------+-------+-------+-------+-------++-------
Melee: Falchion          |    64 |   228 |   101 |       ||   393
       Tailslap          |     8 |    37 |    81 |    57 ||   183
       Scimitar          |       |       |   244 |   182 ||   426
       Triple sword      |       |       |       |    86 ||    86
Invok: Berserk           |     2 |     4 |     4 |     6 ||    16
       Burn Spellbooks   |       |     1 |       |       ||     1
       Trog's Hand       |       |     1 |     2 |     2 ||     5
       Brothers in Arms  |       |       |     1 |     1 ||     2
 Abil: Breathe Frost     |       |       |     9 |     4 ||    13
  Use: Scroll            |     3 |     1 |       |    17 ||    21
       Potion            |       |       |     3 |     2 ||     5
 Stab: Sleeping          |       |     2 |     4 |     2 ||     8
       Distracted        |       |       |     1 |       ||     1
  Eat: Bread ration      |     1 |       |       |       ||     1
       Chunk             |       |    11 |    26 |    24 ||    61
       Fruit             |       |       |       |     1 ||     1
Armor: Skin              |    19 |    66 |   108 |    66 ||   259
Dodge: Dodged            |    33 |   130 |   219 |   174 ||   556
Block: Shield            |       |       |       |    41 ||    41
       Rpst.: Falchion   |    10 |    43 |    18 |       ||    71
       Scimitar          |       |       |    60 |    13 ||    73
       Triple sword      |       |       |       |    25 ||    25
